Influenza vs Atomiques
(R2)
Created - October 15, 2017 at 09:02
Goals
|
| Influenza |
2 |
3 |
1 |
6 |
| Atomiques |
0 |
3 |
2 |
5 |
|
Shots
|
| Influenza |
10 |
8 |
13 |
31 |
| Atomiques |
3 |
20 |
7 |
30 |
|
1st period
1. Influenza , Jeremy Morin 1 (Mathieu Carle 1) at 8:25
2. Influenza , Iiro Pakarinen 1 (Paul Ladue 1, Jordan Schroeder 1) at 10:55
Penalties :
Davis Drewiske (STB) for Hooking (Minor) at 11:00, Teuvo Teravainen (VJB) for Tripping (Minor) at 13:44, Andreas Engqvist (STB) for Hooking (Minor) at 16:07
2nd period
3. Influenza , T.J Galiardi 3 (Matt Corrente 1, Mathieu Carle 2) at 0:08
4. Influenza , T.J Galiardi 4 (Ben Smith 2, Mathieu Carle 3) at 1:24 (PP)
5. Atomiques , Shayne Gostisbehere 1 (Tyler Brenner 4) at 3:18 (PP)
6. Atomiques , Brett Sutter 1 (Shayne Gostisbehere 1) at 4:33
7. Influenza , Lane MacDermid 1 (Mark Scheifele 3, Matt Corrente 2) at 9:47 (PP)
8. Atomiques , Dmitri Orlov 2 (Alex Berry 2, Jeremy Smith) at 15:21 (PP)
Penalties :
Jonas Junland (STB) for Roughing (Minor) at 1:15, Matt Corrente (VJB) for Interference (Minor) at 3:12, Corey Tropp (STB) for Roughing (Minor) at 9:16, Mark Scheifele (VJB) for Holding (Minor) at 14:32
3rd period
9. Atomiques , Brock McGinn 1 (Tyler Brenner 5) at 5:06 (PP)
10. Influenza , Mark Scheifele 1 (Mathieu Carle 4, T.J Galiardi 1) at 10:01
11. Atomiques , Dwight King 3 (Alex Berry 3, Marc-André Cliche 1) at 16:29 (PP)
Penalties :
Ben Smith (VJB) for Holding (Minor) at 0:42, Matt Corrente (VJB) for Roughing (Minor) at 5:03, Ryan Shannon (STB) for Tripping (Minor) at 10:09, Dmitry Sinitsyn (VJB) for Holding (Minor) at 12:41, Jeremy Morin (VJB) for Interference (Minor) at 15:46
Goalie Stats
Thomas McCollum (VJB), 25 saves from 30 shots - (0.833), W, 2-0-0, 60:00 minutes
Sergei Bobrovsky (STB), 9 saves from 13 shots - (0.692), 21:24 minutes
Jeremy Smith (STB), 16 saves from 18 shots - (0.889), L, 0-1-0, 37:40 minutes
Players Stats for Influenza
Player Name G A P +/- PIM S H SB GA TA FO MP PP MP PK MP
------------------------------------------------------------------------------------
Beau Bennett 0 0 0 -1 0 1 1 1 0 0 0/0 10:07 0:04 0:00
Ben Smith 0 1 1 2 2 6 2 0 2 0 6/10 24:01 3:37 3:38
Charlie Coyle 0 0 0 1 0 0 2 1 0 0 8/12 18:14 3:37 1:24
Dmitry Sinitsyn 0 0 0 -1 2 1 0 0 0 0 0/0 10:42 0:00 0:00
Iiro Pakarinen 1 0 1 1 0 1 0 0 0 0 0/0 6:25 0:00 0:00
Jeremy Morin 1 0 1 1 2 3 1 1 0 1 1/2 19:02 3:00 3:47
Jimmy Vesey 0 0 0 -1 0 2 0 1 0 0 1/1 12:27 0:00 2:06
Jordan Schroeder 0 1 1 1 0 1 1 0 0 0 1/2 6:46 0:00 0:21
Lane MacDermid 1 0 1 1 0 2 1 0 0 0 0/0 10:53 2:56 1:15
Mark Olver 0 0 0 -1 0 0 0 1 0 0 3/9 10:03 0:00 0:00
Mark Scheifele 1 1 2 2 2 2 1 1 0 0 17/31 19:52 3:00 1:07
Mathieu Carle 0 4 4 3 0 2 2 3 0 0 0/0 28:20 3:43 4:51
Matt Corrente 0 2 2 3 4 2 4 0 0 2 0/0 27:24 3:43 4:42
Morgan Rielly 0 0 0 -1 0 1 1 0 0 0 0/0 16:26 2:54 2:47
Paul Ladue 0 1 1 1 0 1 0 1 0 4 0/0 16:40 0:00 0:20
T.J Galiardi 2 1 3 2 0 5 1 0 0 1 2/4 21:45 3:37 1:24
Teuvo Teravainen 0 0 0 1 2 0 2 0 0 2 0/0 12:28 0:00 0:14
Tim Erixon 0 0 0 1 0 1 1 2 0 0 0/0 20:40 2:54 2:36
Players Stats for Atomiques
Player Name G A P +/- PIM S H SB GA TA FO MP PP MP PK MP
------------------------------------------------------------------------------------
Alex Berry 0 2 2 0 0 0 0 0 0 0 0/0 11:55 3:26 0:00
Andreas Engqvist 0 0 0 0 2 1 1 0 0 0 1/2 6:34 0:00 0:00
Andrew Kozek 0 0 0 0 0 1 1 0 1 0 0/0 8:43 0:56 0:52
Bobby Farnham 0 0 0 0 0 0 2 1 0 0 0/1 6:49 0:05 0:00
Brett Sutter 1 0 1 0 0 2 2 0 0 0 6/8 10:20 0:14 1:25
Brock McGinn 1 0 1 -2 0 4 1 0 1 1 1/4 20:31 4:04 0:00
Corey Tropp 0 0 0 -2 2 1 2 2 0 0 0/1 20:33 4:07 0:00
Davis Drewiske 0 0 0 -2 2 1 2 1 1 0 0/0 24:10 0:00 2:59
Dmitri Orlov 1 0 1 0 0 3 0 1 0 0 0/0 16:51 4:51 1:32
Dwight King 1 0 1 -1 0 5 2 0 1 0 1/1 20:44 2:58 3:45
Jonas Junland 0 0 0 -1 2 0 1 1 1 0 0/0 19:08 2:47 2:03
Kenndal McArdle 0 0 0 0 0 1 1 0 0 0 0/0 10:47 0:05 2:03
Kyle Wharton 0 0 0 -1 0 0 2 0 1 0 0/0 20:07 2:47 2:16
Marc-André Cliche 0 1 1 -1 0 1 2 0 0 0 4/12 15:50 3:26 0:00
Roman Polak 0 0 0 0 0 0 3 1 1 0 0/0 11:36 0:00 0:25
Ryan Shannon 0 0 0 -1 2 0 0 0 1 1 0/1 14:46 0:00 1:24
Shayne Gostisbehere 1 1 2 -2 0 6 0 1 0 0 0/0 28:42 4:51 3:59
Tyler Brenner 0 2 2 -2 0 4 3 1 2 0 19/41 25:12 3:33 3:45
3 Stars
1 - Mathieu Carle (VJB)
2 - T.J Galiardi (VJB)
3 - Mark Scheifele (VJB)
Power Play
Influenza - 2 on 5 Attempt(s) - 40.00%
Atomiques - 4 on 7 Attempt(s) - 57.14%
Penalty Kill
Influenza - 3 on 7 Attempt(s) - 42.86%
- Score 0 goal in Penalty Kill
Atomiques - 3 on 5 Attempt(s) - 60.00%
- Score 0 goal in Penalty Kill
Team Stat
Influenza - Hits : 20 - Faceoff Wins : 39 - Blocked Shots : 12 - Penalty Minutes : 14
Atomiques - Hits : 25 - Faceoff Wins : 32 - Blocked Shots : 9 - Penalty Minutes : 10
Official
Referees : Leggo Mike and Dwyer Gord
Linesman : Vaughan Rody and Jonny Murray
Game Notes
Jeremy Smith enters game at 1:24 of 2nd period
Finance
Level 1 -- Attendance: 1566 (78.30%) -- Ticket Income $62,640
Level 2 -- Attendance: 666 (66.60%) -- Ticket Income $13,320
Total Attendance: 2232 (74.40%)
Total Ticket Income: $75,960
Other Income: $3,798
Total Income: $79,758
Influenza
5 vs 5 Forward
Center Left Wing Right Wing Time % Phy DF OF
1 Mark Scheifele T.J Galiardi Ben Smith 40 1 2 2
2 Charlie Coyle Teuvo Teravainen Jeremy Morin 30 1 2 2
3 Mark Olver Jimmy Vesey Beau Bennett 20 1 2 2
4 Jordan Schroeder Lane MacDermid Iiro Pakarinen 10 1 2 2
5 vs 5 Defense
Defense Defense Time % Phy DF OF
1 Mathieu Carle Matt Corrente 40 1 2 2
2 Tim Erixon Paul Ladue 30 1 2 2
3 Morgan Rielly Dmitry Sinitsyn 20 1 2 2
4 Mathieu Carle Matt Corrente 10 1 2 2
PowerPlay Forward
Center Left Wing Right Wing Time % Phy DF OF
1 Charlie Coyle T.J Galiardi Ben Smith 60 1 2 2
2 Mark Scheifele Lane MacDermid Jeremy Morin 40 1 2 2
PowerPlay Defense
Defense Defense Time % Phy DF OF
1 Mathieu Carle Matt Corrente 60 1 2 2
2 Tim Erixon Morgan Rielly 40 1 2 2
Penalty Kill 4 Players Forward
Center Wing Time % Phy DF OF
1 Ben Smith Jeremy Morin 60 1 2 2
2 T.J Galiardi Charlie Coyle 40 1 2 2
Penalty Kill 4 Players Defense
Defense Defense Time % Phy DF OF
1 Mathieu Carle Matt Corrente 60 1 2 2
2 Tim Erixon Morgan Rielly 40 1 2 2
Penalty Kill - 3 Players Forward
Forward Time % Phy DF OF
1 Ben Smith 60 1 2 2
2 Jeremy Morin 40 1 2 2
Penalty Kill - 3 Players Defense
Defense Defense Time % Phy DF OF
1 Mathieu Carle Matt Corrente 60 1 2 2
2 Tim Erixon Morgan Rielly 40 1 2 2
4 vs 4 Forward
Center Wing Time % Phy DF OF
1 Ben Smith Jeremy Morin 60 1 2 2
2 T.J Galiardi Charlie Coyle 40 1 2 2
4 vs 4 Defense
Defense Defense Time % Phy DF OF
1 Mathieu Carle Matt Corrente 60 1 2 2
2 Tim Erixon Morgan Rielly 40 1 2 2
Last Minutes Offensive
Center Left Wing Right Wing Defense Defense
Mark Scheifele T.J Galiardi Ben Smith Mathieu Carle Matt Corrente
Last Minutes Defensive
Center Left Wing Right Wing Defense Defense
Charlie Coyle T.J Galiardi Ben Smith Mathieu Carle Matt Corrente
Goaltenders
Starting : Thomas McCollum
Backup : Tyson Sexsmith
Extra Forwards
Normal : Mark Scheifele, Beau Bennett, Jimmy Vesey - PP : Mark Scheifele, Beau Bennett - PK : Jimmy Vesey
Extra Defensemen
Normal : Morgan Rielly, Paul Ladue, Tim Erixon - PP : Morgan Rielly - PK : Paul Ladue, Tim Erixon
Penalty Shots
Ben Smith, Jeremy Morin, T.J Galiardi, Charlie Coyle, Mark Olver
Scratches
Jacob Josefson (Healthy), Jamie Devane (Healthy), Freddie Hamilton (Healthy), Jeff May (Healthy), Johan Larsson (Healthy)
Fredric Larsson (Healthy), Tom Kuhnhackl (Healthy), Oskars Bartulis (Healthy), Ryan Sproul (Healthy), Josh Andrerson (Healthy)
Jesse Graham (Healthy), Colton Sceviour (Healthy), Nikita Gusev (Healthy), T.J Brodie (Healthy), Jamie Phillips (Healthy)
Atomiques
5 vs 5 Forward
Center Left Wing Right Wing Time % Phy DF OF
1 Tyler Brenner Brock McGinn Corey Tropp 40 1 2 2
2 Marc-André Cliche Dwight King Ryan Shannon 30 1 2 2
3 Brett Sutter Kenndal McArdle Alex Berry 20 1 2 2
4 Andreas Engqvist Andrew Kozek Bobby Farnham 10 1 2 2
5 vs 5 Defense
Defense Defense Time % Phy DF OF
1 Shayne Gostisbehere Davis Drewiske 40 1 2 2
2 Kyle Wharton Jonas Junland 30 1 2 2
3 Roman Polak Dmitri Orlov 20 1 2 2
4 Shayne Gostisbehere Davis Drewiske 10 1 2 2
PowerPlay Forward
Center Left Wing Right Wing Time % Phy DF OF
1 Tyler Brenner Brock McGinn Corey Tropp 60 1 2 2
2 Marc-André Cliche Dwight King Alex Berry 40 1 2 2
PowerPlay Defense
Defense Defense Time % Phy DF OF
1 Shayne Gostisbehere Dmitri Orlov 60 1 2 2
2 Kyle Wharton Jonas Junland 40 1 2 2
Penalty Kill 4 Players Forward
Center Wing Time % Phy DF OF
1 Tyler Brenner Dwight King 60 1 2 2
2 Kenndal McArdle Ryan Shannon 40 1 2 2
Penalty Kill 4 Players Defense
Defense Defense Time % Phy DF OF
1 Shayne Gostisbehere Davis Drewiske 60 1 2 2
2 Kyle Wharton Jonas Junland 40 1 2 2
Penalty Kill - 3 Players Forward
Forward Time % Phy DF OF
1 Tyler Brenner 60 1 2 2
2 Dwight King 40 1 2 2
Penalty Kill - 3 Players Defense
Defense Defense Time % Phy DF OF
1 Shayne Gostisbehere Davis Drewiske 60 1 2 2
2 Kyle Wharton Jonas Junland 40 1 2 2
4 vs 4 Forward
Center Wing Time % Phy DF OF
1 Tyler Brenner Dwight King 60 1 2 2
2 Kenndal McArdle Ryan Shannon 40 1 2 2
4 vs 4 Defense
Defense Defense Time % Phy DF OF
1 Shayne Gostisbehere Davis Drewiske 60 1 2 2
2 Kyle Wharton Jonas Junland 40 1 2 2
Last Minutes Offensive
Center Left Wing Right Wing Defense Defense
Tyler Brenner Dwight King Ryan Shannon Shayne Gostisbehere Davis Drewiske
Last Minutes Defensive
Center Left Wing Right Wing Defense Defense
Tyler Brenner Dwight King Ryan Shannon Shayne Gostisbehere Davis Drewiske
Goaltenders
Starting : Sergei Bobrovsky
Backup : Jeremy Smith
Extra Forwards
Normal : Andrew Kozek, Corey Tropp, Brett Sutter - PP : Andrew Kozek, Corey Tropp - PK : Brett Sutter
Extra Defensemen
Normal : Shayne Gostisbehere, Dmitri Orlov, Kyle Wharton - PP : Shayne Gostisbehere - PK : Dmitri Orlov, Kyle Wharton
Penalty Shots
Tyler Brenner, Dwight King, Kenndal McArdle, Ryan Shannon, Andrew Kozek
Scratches
Alexander Sulzer (Right Eye Injury), Darren Kramer (Healthy), Mike Halmo (Healthy), Max McCormick (Healthy), Mitch Callahan (Healthy)
John Draeger (Healthy), Joseph Cramarossa (Healthy), Fredrik Claesson (Healthy), John McCarthy (Healthy), Colby Cohen (Healthy)
Anthony Nigro (Healthy), Eric Mestery (Healthy)
% Time on Ice - Influenza
Lines # - Real PCT - Wanted PCT - Time Play
Normal Forward
1 - 36% - 40% - 16:00
2 - 27% - 30% - 12:15
3 - 22% - 20% - 10:03
4 - 14% - 10% - 6:25
Normal Defense
1 - 38% - 40% - 16:54
2 - 36% - 30% - 15:53
3 - 23% - 20% - 10:28
4 - 3% - 10% - 1:28
PP Forward
1 - 55% - 60% - 3:37
2 - 45% - 40% - 3:00
PP Defense
1 - 56% - 60% - 3:43
2 - 44% - 40% - 2:54
PK Forward
1 - 82% - 60% - 6:14
2 - 18% - 40% - 1:24
PK Defense
1 - 64% - 60% - 4:51
2 - 36% - 40% - 2:47
PK3 Forward
1 - 0% - 60%
2 - 0% - 40%
PK3 Defense
1 - 0% - 60%
2 - 0% - 40%
44 Forward
1 - 0% - 60%
2 - 0% - 40%
44 Defense
1 - 0% - 60%
2 - 0% - 40%
Last Minute Offensive - 0:00
Last Minute Defensive - 1:02
Total
Forward - 60:00
Defense - 60:00
|
% Time on Ice - Atomiques
Lines # - Real PCT - Wanted PCT - Time Play
Normal Forward
1 - 39% - 40% - 17:16
2 - 28% - 30% - 12:24
3 - 19% - 20% - 8:35
4 - 14% - 10% - 6:29
Normal Defense
1 - 40% - 40% - 18:02
2 - 32% - 30% - 14:19
3 - 23% - 20% - 10:17
4 - 5% - 10% - 2:06
PP Forward
1 - 55% - 60% - 4:12
2 - 45% - 40% - 3:26
PP Defense
1 - 64% - 60% - 4:51
2 - 36% - 40% - 2:47
PK Forward
1 - 69% - 60% - 4:34
2 - 31% - 40% - 2:03
PK Defense
1 - 69% - 60% - 4:34
2 - 31% - 40% - 2:03
PK3 Forward
1 - 0% - 60%
2 - 0% - 40%
PK3 Defense
1 - 0% - 60%
2 - 0% - 40%
44 Forward
1 - 0% - 60%
2 - 0% - 40%
44 Defense
1 - 0% - 60%
2 - 0% - 40%
Last Minute Offensive - 1:01
Last Minute Defensive - 0:00
Total
Forward - 60:00
Defense - 60:00
|
Play by Play
1st period
0:01 of 1st period - Mark Scheifele wins face-off versus Tyler Brenner in neutral zone.
0:37 of 1st period - Snap shot by Tyler Brenner.
0:37 of 1st period - Deflect By Brock McGinn.
0:37 of 1st period - Shot Misses the Net.
0:37 of 1st period - Puck is out of play.
0:38 of 1st period - Charlie Coyle wins face-off versus Marc-André Cliche in Influenza zone.
0:49 of 1st period - Slapshot by Teuvo Teravainen.
0:49 of 1st period - Shot Misses the Net.
0:51 of 1st period - Wrist shot by Tim Erixon.
0:51 of 1st period - Stopped by Sergei Bobrovsky without a rebound.
0:52 of 1st period - Brett Sutter wins face-off versus Jordan Schroeder in Atomiques zone.
1:44 of 1st period - Shayne Gostisbehere is hit by Charlie Coyle and loses puck.
2:30 of 1st period - Snap shot by Jimmy Vesey.
2:30 of 1st period - Shot Misses the Net.
3:00 of 1st period - Roman Polak is hit by Teuvo Teravainen and loses puck.
3:29 of 1st period - Jordan Schroeder is hit by Brock McGinn.
4:07 of 1st period - Matt Corrente is hit by Roman Polak and loses puck.
4:41 of 1st period - Dmitry Sinitsyn is hit by Kyle Wharton and loses puck.
4:52 of 1st period - Dmitri Orlov is hit by Lane MacDermid and loses puck.
4:59 of 1st period - Dmitry Sinitsyn is hit by Tyler Brenner.
5:42 of 1st period - Mark Scheifele is hit by Kenndal McArdle and loses puck.
5:49 of 1st period - Brett Sutter is hit by Ben Smith and loses puck.
6:10 of 1st period - Wrist shot by Teuvo Teravainen.
6:10 of 1st period - Shot Misses the Net.
6:12 of 1st period - Slapshot by Dmitry Sinitsyn.
6:12 of 1st period - Stopped by Sergei Bobrovsky without a rebound.
6:13 of 1st period - Tyler Brenner wins face-off versus Mark Scheifele in Atomiques zone.
6:23 of 1st period - Wrist shot by Corey Tropp.
6:23 of 1st period - Shot Blocked by Mark Scheifele.
7:04 of 1st period - Snap shot by Andrew Kozek.
7:04 of 1st period - Stopped by Thomas McCollum without a rebound.
7:05 of 1st period - Mark Scheifele wins face-off versus Bobby Farnham in Influenza zone.
7:05 of 1st period - Mark Scheifele is hit by Andreas Engqvist.
7:37 of 1st period - Slapshot by Beau Bennett.
7:37 of 1st period - Stopped by Sergei Bobrovsky without a rebound.
7:38 of 1st period - Tyler Brenner wins face-off versus Mark Olver in Atomiques zone.
8:05 of 1st period - Ben Smith is hit by Dwight King.
8:25 of 1st period - Snap shot by Jeremy Morin.
8:25 of 1st period - Goal by Jeremy Morin - Influenza : 1 - Atomiques : 0.
8:26 of 1st period - Mark Scheifele wins face-off versus Corey Tropp in neutral zone.
8:39 of 1st period - Snap shot by Mark Scheifele.
8:39 of 1st period - Stopped by Sergei Bobrovsky with a rebound.
8:41 of 1st period - Snap shot by Ben Smith.
8:41 of 1st period - Shot Misses the Net.
8:58 of 1st period - Snap shot by Jeremy Morin.
8:58 of 1st period - Stopped by Sergei Bobrovsky without a rebound.
8:59 of 1st period - Marc-André Cliche wins face-off versus Mark Scheifele in Atomiques zone.
9:13 of 1st period - Snap shot by Dwight King.
9:13 of 1st period - Stopped by Thomas McCollum with a rebound.
9:15 of 1st period - Backhand shot by Shayne Gostisbehere.
9:15 of 1st period - Shot Misses the Net.
9:29 of 1st period - Snap shot by Brett Sutter.
9:29 of 1st period - Shot Misses the Net.
9:33 of 1st period - Wrist shot by Kenndal McArdle.
9:33 of 1st period - Shot Blocked by Tim Erixon.
9:35 of 1st period - Slapshot by Roman Polak.
9:35 of 1st period - Shot Blocked by Tim Erixon.
10:13 of 1st period - Beau Bennett is hit by Bobby Farnham.
10:55 of 1st period - Snap shot by Iiro Pakarinen.
10:55 of 1st period - Goal by Iiro Pakarinen - Influenza : 2 - Atomiques : 0.
10:56 of 1st period - Charlie Coyle wins face-off versus Tyler Brenner in neutral zone.
11:00 of 1st period - Minor Penalty to Davis Drewiske for Hooking.
11:01 of 1st period - Ben Smith wins face-off versus Tyler Brenner in Atomiques zone.
11:36 of 1st period - Slapshot by Mathieu Carle.
11:36 of 1st period - Stopped by Sergei Bobrovsky with a rebound.
11:50 of 1st period - Matt Corrente is hit by Kyle Wharton and loses puck.
13:00 of 1st period - Penalty to Davis Drewiske is over, Davis Drewiske is back on ice.
13:24 of 1st period - Roman Polak is hit by Matt Corrente and loses puck.
13:44 of 1st period - Minor Penalty to Teuvo Teravainen for Tripping.
13:45 of 1st period - Tyler Brenner wins face-off versus Ben Smith in Influenza zone.
13:45 of 1st period - Slapshot by Shayne Gostisbehere.
13:45 of 1st period - Stopped by Thomas McCollum with a rebound.
14:09 of 1st period - Matt Corrente is hit by Andrew Kozek.
15:11 of 1st period - Matt Corrente is hit by Marc-André Cliche and loses puck.
15:38 of 1st period - Paul Ladue is hit by Brett Sutter and loses puck.
15:44 of 1st period - Penalty to Teuvo Teravainen is over, Teuvo Teravainen is back on ice.
16:07 of 1st period - Minor Penalty to Andreas Engqvist for Hooking.
16:08 of 1st period - Charlie Coyle wins face-off versus Tyler Brenner in Atomiques zone.
16:19 of 1st period - Slapshot by Ben Smith.
16:19 of 1st period - Shot Misses the Net.
16:21 of 1st period - Snap shot by Ben Smith.
16:21 of 1st period - Shot Blocked by Davis Drewiske.
17:21 of 1st period - Mark Scheifele is hit by Davis Drewiske and loses puck.
18:05 of 1st period - Matt Corrente is hit by Brett Sutter and loses puck.
18:07 of 1st period - Penalty to Andreas Engqvist is over, Andreas Engqvist is back on ice.
19:06 of 1st period - Mathieu Carle is hit by Bobby Farnham and loses puck.
19:32 of 1st period - Snap shot by Jimmy Vesey.
19:32 of 1st period - Stopped by Sergei Bobrovsky without a rebound.
19:33 of 1st period - Mark Olver wins face-off versus Tyler Brenner in Atomiques zone.
19:38 of 1st period - Snap shot by Jimmy Vesey.
19:38 of 1st period - Stopped by Sergei Bobrovsky with a rebound.
19:40 of 1st period - Slapshot by Jimmy Vesey.
19:40 of 1st period - Shot Blocked by Dmitri Orlov.
Goals for this period are 2 for Influenza vs 0 for Atomiques.
Shots for this period are 10 for Influenza vs 3 for Atomiques.
2nd period
0:01 of 2nd period - Mark Scheifele wins face-off versus Tyler Brenner in neutral zone.
0:04 of 2nd period - Slapshot by Mathieu Carle.
0:04 of 2nd period - Shot Misses the Net.
0:06 of 2nd period - Snap shot by Matt Corrente.
0:06 of 2nd period - Stopped by Sergei Bobrovsky with a rebound.
0:08 of 2nd period - Snap shot by T.J Galiardi.
0:08 of 2nd period - Goal by T.J Galiardi - Influenza : 3 - Atomiques : 0.
0:09 of 2nd period - Mark Scheifele wins face-off versus Tyler Brenner in neutral zone.
1:15 of 2nd period - Minor Penalty to Jonas Junland for Roughing.
1:16 of 2nd period - Tyler Brenner wins face-off versus Charlie Coyle in Atomiques zone.
1:24 of 2nd period - Slapshot by T.J Galiardi.
1:24 of 2nd period - Goal by T.J Galiardi - Influenza : 4 - Atomiques : 0.
1:24 of 2nd period - Jeremy Smith enters game.
1:25 of 2nd period - Tyler Brenner wins face-off versus Mark Scheifele in neutral zone.
2:07 of 2nd period - Icing by Charlie Coyle.
2:08 of 2nd period - Brett Sutter wins face-off versus Charlie Coyle in Influenza zone.
2:49 of 2nd period - Wrist shot by Jeremy Morin.
2:49 of 2nd period - Stopped by Jeremy Smith without a rebound.
2:50 of 2nd period - Mark Scheifele wins face-off versus Marc-André Cliche in Atomiques zone.
3:02 of 2nd period - Shayne Gostisbehere is hit by Matt Corrente.
3:06 of 2nd period - Wrist shot by Ryan Shannon.
3:06 of 2nd period - Shot Misses the Net.
3:12 of 2nd period - Minor Penalty to Matt Corrente for Interference.
3:13 of 2nd period - Tyler Brenner wins face-off versus Ben Smith in Influenza zone.
3:18 of 2nd period - Slapshot by Shayne Gostisbehere.
3:18 of 2nd period - Goal by Shayne Gostisbehere - Influenza : 4 - Atomiques : 1.
3:19 of 2nd period - Tyler Brenner wins face-off versus Mark Scheifele in neutral zone.
3:24 of 2nd period - Snap shot by Tyler Brenner.
3:24 of 2nd period - Shot Blocked by Mathieu Carle.
3:34 of 2nd period - Corey Tropp is hit by Matt Corrente and loses puck.
3:45 of 2nd period - Mathieu Carle is hit by Marc-André Cliche and loses puck.
4:33 of 2nd period - Snap shot by Brett Sutter.
4:33 of 2nd period - Goal by Brett Sutter - Influenza : 4 - Atomiques : 2.
4:34 of 2nd period - Tyler Brenner wins face-off versus Mark Scheifele in neutral zone.
4:36 of 2nd period - Off-side.
4:37 of 2nd period - Tyler Brenner wins face-off versus Mark Scheifele in neutral zone.
4:50 of 2nd period - Off-side.
4:51 of 2nd period - Ben Smith wins face-off versus Marc-André Cliche in neutral zone.
5:24 of 2nd period - Slapshot by Corey Tropp.
5:24 of 2nd period - Deflect By Brock McGinn.
5:24 of 2nd period - Shot Misses the Net.
5:24 of 2nd period - Puck is out of play.
5:25 of 2nd period - Charlie Coyle wins face-off versus Tyler Brenner in Influenza zone.
6:05 of 2nd period - Wrist shot by Corey Tropp.
6:05 of 2nd period - Shot Misses the Net.
6:07 of 2nd period - Snap shot by Corey Tropp.
6:07 of 2nd period - Stopped by Thomas McCollum with a rebound.
6:29 of 2nd period - Brock McGinn is hit by Morgan Rielly and loses puck.
6:40 of 2nd period - Slapshot by Dmitri Orlov.
6:40 of 2nd period - Stopped by Thomas McCollum without a rebound.
6:41 of 2nd period - T.J Galiardi wins face-off versus Marc-André Cliche in Influenza zone.
7:07 of 2nd period - Icing by Marc-André Cliche.
7:08 of 2nd period - Brett Sutter wins face-off versus Mark Olver in Atomiques zone.
7:13 of 2nd period - Slapshot by Shayne Gostisbehere.
7:13 of 2nd period - Shot Blocked by Mark Olver.
7:36 of 2nd period - Slapshot by Ben Smith.
7:36 of 2nd period - Stopped by Jeremy Smith with a rebound.
8:04 of 2nd period - Slapshot by Tim Erixon.
8:04 of 2nd period - Shot Blocked by Bobby Farnham.
8:21 of 2nd period - Morgan Rielly is hit by Roman Polak.
8:44 of 2nd period - Ryan Shannon is hit by Jeremy Morin and loses puck.
9:01 of 2nd period - Kyle Wharton is hit by Jordan Schroeder and loses puck.
9:08 of 2nd period - Snap shot by Lane MacDermid.
9:08 of 2nd period - Stopped by Jeremy Smith with a rebound.
9:10 of 2nd period - Slapshot by Morgan Rielly.
9:10 of 2nd period - Shot Blocked by Jonas Junland.
9:16 of 2nd period - Minor Penalty to Corey Tropp for Roughing.
9:17 of 2nd period - Charlie Coyle wins face-off versus Tyler Brenner in Atomiques zone.
9:45 of 2nd period - Snap shot by Mark Scheifele.
9:45 of 2nd period - Shot Hit the Post.
9:47 of 2nd period - Snap shot by Lane MacDermid.
9:47 of 2nd period - Goal by Lane MacDermid - Influenza : 5 - Atomiques : 2.
9:48 of 2nd period - Mark Scheifele wins face-off versus Brock McGinn in neutral zone.
9:50 of 2nd period - Mathieu Carle is hit by Corey Tropp and loses puck.
9:57 of 2nd period - Mathieu Carle is hit by Corey Tropp and loses puck.
10:35 of 2nd period - Wrist shot by Kenndal McArdle.
10:35 of 2nd period - Shot Blocked by Beau Bennett.
10:37 of 2nd period - Snap shot by Kenndal McArdle.
10:37 of 2nd period - Stopped by Thomas McCollum without a rebound.
10:38 of 2nd period - Mark Olver wins face-off versus Brock McGinn in Influenza zone.
11:46 of 2nd period - Slapshot by Paul Ladue.
11:46 of 2nd period - Shot Misses the Net.
12:02 of 2nd period - Wrist shot by Ryan Shannon.
12:02 of 2nd period - Shot Misses the Net.
12:44 of 2nd period - Slapshot by Tyler Brenner.
12:44 of 2nd period - Stopped by Thomas McCollum without a rebound.
12:45 of 2nd period - Jordan Schroeder wins face-off versus Tyler Brenner in Influenza zone.
12:45 of 2nd period - Jordan Schroeder is hit by Roman Polak.
12:53 of 2nd period - Slapshot by Tyler Brenner.
12:53 of 2nd period - Shot Misses the Net.
12:55 of 2nd period - Slapshot by Brock McGinn.
12:55 of 2nd period - Stopped by Thomas McCollum without a rebound.
12:56 of 2nd period - Mark Scheifele wins face-off versus Tyler Brenner in Influenza zone.
13:18 of 2nd period - Icing by Mark Scheifele.
13:19 of 2nd period - Marc-André Cliche wins face-off versus Charlie Coyle in Influenza zone.
13:20 of 2nd period - Slapshot by Ryan Shannon.
13:20 of 2nd period - Shot Blocked by Charlie Coyle.
13:54 of 2nd period - Wrist shot by Tyler Brenner.
13:54 of 2nd period - Shot Blocked by Paul Ladue.
13:56 of 2nd period - Slapshot by Brock McGinn.
13:56 of 2nd period - Stopped by Thomas McCollum without a rebound.
13:57 of 2nd period - Mark Scheifele wins face-off versus Brett Sutter in Influenza zone.
14:12 of 2nd period - Wrist shot by Shayne Gostisbehere.
14:12 of 2nd period - Stopped by Thomas McCollum without a rebound.
14:13 of 2nd period - Jeremy Morin wins face-off versus Tyler Brenner in Influenza zone.
14:15 of 2nd period - Icing by Matt Corrente.
14:16 of 2nd period - Charlie Coyle wins face-off versus Brock McGinn in Influenza zone.
14:27 of 2nd period - Slapshot by Tyler Brenner.
14:27 of 2nd period - Shot Blocked by Mathieu Carle.
14:29 of 2nd period - Snap shot by Tyler Brenner.
14:29 of 2nd period - Shot Blocked by Jeremy Morin.
14:31 of 2nd period - Snap shot by Brock McGinn.
14:31 of 2nd period - Deflect By Tyler Brenner.
14:31 of 2nd period - Shot Misses the Net.
14:31 of 2nd period - Puck is out of play.
14:32 of 2nd period - Mark Scheifele wins face-off versus Marc-André Cliche in Influenza zone.
14:32 of 2nd period - Minor Penalty to Mark Scheifele for Holding.
14:33 of 2nd period - Ben Smith wins face-off versus Tyler Brenner in Influenza zone.
14:42 of 2nd period - Wrist shot by Shayne Gostisbehere.
14:42 of 2nd period - Shot Misses the Net.
14:46 of 2nd period - Slapshot by Tyler Brenner.
14:46 of 2nd period - Stopped by Thomas McCollum with a rebound.
14:48 of 2nd period - Slapshot by Dmitri Orlov.
14:48 of 2nd period - Stopped by Thomas McCollum without a rebound.
14:49 of 2nd period - Ben Smith wins face-off versus Tyler Brenner in Influenza zone.
15:21 of 2nd period - Slapshot by Dmitri Orlov.
15:21 of 2nd period - Deflect By Matt Corrente.
15:21 of 2nd period - Goal by Dmitri Orlov - Influenza : 5 - Atomiques : 3.
15:22 of 2nd period - Tyler Brenner wins face-off versus Mark Scheifele in neutral zone.
15:29 of 2nd period - Snap shot by Shayne Gostisbehere.
15:29 of 2nd period - Shot Misses the Net.
15:31 of 2nd period - Snap shot by Tyler Brenner.
15:31 of 2nd period - Shot Misses the Net.
15:33 of 2nd period - Slapshot by Davis Drewiske.
15:33 of 2nd period - Stopped by Thomas McCollum without a rebound.
15:34 of 2nd period - Tyler Brenner wins face-off versus Mark Scheifele in Influenza zone.
15:35 of 2nd period - Slapshot by Brock McGinn.
15:35 of 2nd period - Stopped by Thomas McCollum with a rebound.
15:41 of 2nd period - Slapshot by Shayne Gostisbehere.
15:41 of 2nd period - Stopped by Thomas McCollum without a rebound.
15:42 of 2nd period - Tyler Brenner wins face-off versus Mark Scheifele in Influenza zone.
15:55 of 2nd period - Wrist shot by Tyler Brenner.
15:55 of 2nd period - Stopped by Thomas McCollum without a rebound.
15:56 of 2nd period - Mark Scheifele wins face-off versus Marc-André Cliche in Influenza zone.
16:01 of 2nd period - Slapshot by Matt Corrente.
16:01 of 2nd period - Shot Misses the Net.
16:22 of 2nd period - Brock McGinn is hit by Matt Corrente and loses puck.
16:43 of 2nd period - Off-side.
16:44 of 2nd period - Brett Sutter wins face-off versus Mark Olver in neutral zone.
16:56 of 2nd period - Roman Polak is hit by Beau Bennett and loses puck.
17:09 of 2nd period - Mark Scheifele is hit by Tyler Brenner.
17:17 of 2nd period - Wrist shot by Mark Scheifele.
17:17 of 2nd period - Shot Blocked by Roman Polak.
17:59 of 2nd period - Snap shot by Jimmy Vesey.
17:59 of 2nd period - Shot Misses the Net.
18:44 of 2nd period - Wrist shot by Brett Sutter.
18:44 of 2nd period - Stopped by Thomas McCollum with a rebound.
19:12 of 2nd period - Slapshot by Ben Smith.
19:12 of 2nd period - Stopped by Jeremy Smith without a rebound.
19:13 of 2nd period - Marc-André Cliche wins face-off versus T.J Galiardi in Atomiques zone.
19:18 of 2nd period - Wrist shot by Dwight King.
19:18 of 2nd period - Stopped by Thomas McCollum with a rebound.
19:20 of 2nd period - Snap shot by Marc-André Cliche.
19:20 of 2nd period - Stopped by Thomas McCollum without a rebound.
19:21 of 2nd period - Mark Scheifele wins face-off versus Marc-André Cliche in Influenza zone.
19:45 of 2nd period - Off-side.
19:46 of 2nd period - Tyler Brenner wins face-off versus Charlie Coyle in neutral zone.
19:53 of 2nd period - Slapshot by Shayne Gostisbehere.
19:53 of 2nd period - Stopped by Thomas McCollum with a rebound.
Goals for this period are 3 for Influenza vs 3 for Atomiques.
Shots for this period are 8 for Influenza vs 20 for Atomiques.
3rd period
0:01 of 3rd period - Mark Scheifele wins face-off versus Tyler Brenner in neutral zone.
0:12 of 3rd period - Ben Smith is hit by Tyler Brenner and loses puck.
0:39 of 3rd period - Snap shot by Shayne Gostisbehere.
0:39 of 3rd period - Stopped by Thomas McCollum without a rebound.
0:40 of 3rd period - Mark Scheifele wins face-off versus Marc-André Cliche in Influenza zone.
0:42 of 3rd period - Minor Penalty to Ben Smith for Holding.
0:43 of 3rd period - Jimmy Vesey wins face-off versus Tyler Brenner in Influenza zone.
2:42 of 3rd period - Penalty to Ben Smith is over, Ben Smith is back on ice.
3:53 of 3rd period - Icing by Mark Olver.
3:54 of 3rd period - Brock McGinn wins face-off versus Mark Scheifele in Influenza zone.
4:13 of 3rd period - Charlie Coyle is hit by Dwight King and loses puck.
4:38 of 3rd period - Snap shot by Jimmy Vesey.
4:38 of 3rd period - Shot Misses the Net.
4:40 of 3rd period - Slapshot by Paul Ladue.
4:40 of 3rd period - Shot Blocked by Shayne Gostisbehere.
4:42 of 3rd period - Snap shot by Tim Erixon.
4:42 of 3rd period - Shot Misses the Net.
4:44 of 3rd period - Snap shot by Paul Ladue.
4:44 of 3rd period - Deflect By Alex Berry.
4:44 of 3rd period - Stopped by Jeremy Smith without a rebound.
4:45 of 3rd period - Tyler Brenner wins face-off versus Mark Scheifele in Atomiques zone.
5:03 of 3rd period - Minor Penalty to Matt Corrente for Roughing.
5:04 of 3rd period - Tyler Brenner wins face-off versus Jeremy Morin in Influenza zone.
5:04 of 3rd period - Snap shot by Brock McGinn.
5:04 of 3rd period - Deflect By Tyler Brenner.
5:04 of 3rd period - Stopped by Thomas McCollum with a rebound.
5:06 of 3rd period - Wrist shot by Brock McGinn.
5:06 of 3rd period - Goal by Brock McGinn - Influenza : 5 - Atomiques : 4.
5:07 of 3rd period - T.J Galiardi wins face-off versus Tyler Brenner in neutral zone.
5:10 of 3rd period - Slapshot by Ben Smith.
5:10 of 3rd period - Shot Misses the Net.
5:36 of 3rd period - Ryan Shannon is hit by Teuvo Teravainen and loses puck.
6:16 of 3rd period - Dmitri Orlov is hit by Mark Scheifele and loses puck.
7:21 of 3rd period - Snap shot by Ben Smith.
7:21 of 3rd period - Stopped by Jeremy Smith with a rebound.
7:23 of 3rd period - Slapshot by Paul Ladue.
7:23 of 3rd period - Deflect By T.J Galiardi.
7:23 of 3rd period - Shot Misses the Net.
7:23 of 3rd period - Puck is out of play.
7:24 of 3rd period - Mark Scheifele wins face-off versus Tyler Brenner in Atomiques zone.
7:25 of 3rd period - Snap shot by Ben Smith.
7:25 of 3rd period - Stopped by Jeremy Smith without a rebound.
7:26 of 3rd period - Tyler Brenner wins face-off versus Mark Scheifele in Atomiques zone.
7:26 of 3rd period - Tyler Brenner is hit by Ben Smith.
7:31 of 3rd period - Off-side.
7:32 of 3rd period - Tyler Brenner wins face-off versus T.J Galiardi in neutral zone.
7:34 of 3rd period - Off-side.
7:35 of 3rd period - Tyler Brenner wins face-off versus Mark Scheifele in neutral zone.
8:49 of 3rd period - Paul Ladue is hit by Jonas Junland and loses puck.
9:08 of 3rd period - Off-side.
9:09 of 3rd period - Dwight King wins face-off versus Mark Scheifele in neutral zone.
9:21 of 3rd period - Icing by Ben Smith.
9:22 of 3rd period - Mark Scheifele wins face-off versus Tyler Brenner in Influenza zone.
9:31 of 3rd period - Wrist shot by T.J Galiardi.
9:31 of 3rd period - Stopped by Jeremy Smith with a rebound.
9:33 of 3rd period - Slapshot by Ben Smith.
9:33 of 3rd period - Stopped by Jeremy Smith with a rebound.
9:35 of 3rd period - Slapshot by Mathieu Carle.
9:35 of 3rd period - Stopped by Jeremy Smith with a rebound.
9:41 of 3rd period - Snap shot by Ben Smith.
9:41 of 3rd period - Shot Blocked by Corey Tropp.
9:43 of 3rd period - Snap shot by Mark Scheifele.
9:43 of 3rd period - Shot Blocked by Corey Tropp.
9:45 of 3rd period - Snap shot by Ben Smith.
9:45 of 3rd period - Stopped by Jeremy Smith with a rebound.
9:49 of 3rd period - Snap shot by T.J Galiardi.
9:49 of 3rd period - Stopped by Jeremy Smith with a rebound.
9:51 of 3rd period - Wrist shot by Mark Scheifele.
9:51 of 3rd period - Shot Blocked by Tyler Brenner.
9:53 of 3rd period - Slapshot by Matt Corrente.
9:53 of 3rd period - Shot Misses the Net.
9:55 of 3rd period - Snap shot by Mark Scheifele.
9:55 of 3rd period - Shot Misses the Net.
9:59 of 3rd period - Wrist shot by T.J Galiardi.
9:59 of 3rd period - Stopped by Jeremy Smith with a rebound.
10:01 of 3rd period - Slapshot by Mathieu Carle.
10:01 of 3rd period - Deflect By Mark Scheifele.
10:01 of 3rd period - Goal by Mark Scheifele - Influenza : 6 - Atomiques : 4.
10:02 of 3rd period - Charlie Coyle wins face-off versus Ryan Shannon in neutral zone.
10:06 of 3rd period - Mathieu Carle is hit by Davis Drewiske and loses puck.
10:09 of 3rd period - Minor Penalty to Ryan Shannon for Tripping.
10:10 of 3rd period - Charlie Coyle wins face-off versus Tyler Brenner in Atomiques zone.
10:43 of 3rd period - Slapshot by Morgan Rielly.
10:43 of 3rd period - Stopped by Jeremy Smith without a rebound.
10:44 of 3rd period - Mark Scheifele wins face-off versus Brett Sutter in Atomiques zone.
10:59 of 3rd period - Snap shot by Mark Scheifele.
10:59 of 3rd period - Shot Hit the Post.
11:17 of 3rd period - Wrist shot by Ben Smith.
11:17 of 3rd period - Shot Misses the Net.
12:09 of 3rd period - Penalty to Ryan Shannon is over, Ryan Shannon is back on ice.
12:18 of 3rd period - Slapshot by Roman Polak.
12:18 of 3rd period - Deflect By Andrew Kozek.
12:18 of 3rd period - Shot Misses the Net.
12:18 of 3rd period - Puck is out of play.
12:19 of 3rd period - Mark Olver wins face-off versus Andreas Engqvist in Influenza zone.
12:33 of 3rd period - Snap shot by Andreas Engqvist.
12:33 of 3rd period - Stopped by Thomas McCollum with a rebound.
12:41 of 3rd period - Minor Penalty to Dmitry Sinitsyn for Holding.
12:42 of 3rd period - Tyler Brenner wins face-off versus Ben Smith in Influenza zone.
12:43 of 3rd period - Snap shot by Shayne Gostisbehere.
12:43 of 3rd period - Shot Blocked by Mathieu Carle.
14:41 of 3rd period - Penalty to Dmitry Sinitsyn is over, Dmitry Sinitsyn is back on ice.
14:55 of 3rd period - Off-side.
14:56 of 3rd period - Andreas Engqvist wins face-off versus Mark Olver in neutral zone.
14:59 of 3rd period - Slapshot by Davis Drewiske.
14:59 of 3rd period - Shot Blocked by Jimmy Vesey.
15:20 of 3rd period - Ryan Shannon is hit by Tim Erixon and loses puck.
15:36 of 3rd period - Kyle Wharton is hit by Mathieu Carle and loses puck.
15:46 of 3rd period - Minor Penalty to Jeremy Morin for Interference.
15:47 of 3rd period - Ben Smith wins face-off versus Tyler Brenner in Influenza zone.
16:17 of 3rd period - Snap shot by Marc-André Cliche.
16:17 of 3rd period - Deflect By Dwight King.
16:17 of 3rd period - Stopped by Thomas McCollum without a rebound.
16:18 of 3rd period - Marc-André Cliche wins face-off versus Ben Smith in Influenza zone.
16:29 of 3rd period - Backhand shot by Dwight King.
16:29 of 3rd period - Goal by Dwight King - Influenza : 6 - Atomiques : 5.
16:30 of 3rd period - Brett Sutter wins face-off versus Mark Olver in neutral zone.
16:45 of 3rd period - Slapshot by Matt Corrente.
16:45 of 3rd period - Stopped by Jeremy Smith with a rebound.
17:06 of 3rd period - Slapshot by Mark Scheifele.
17:06 of 3rd period - Shot Misses the Net.
17:55 of 3rd period - Snap shot by Jordan Schroeder.
17:55 of 3rd period - Stopped by Jeremy Smith without a rebound.
17:56 of 3rd period - Brett Sutter wins face-off versus Mark Olver in Atomiques zone.
18:21 of 3rd period - Brock McGinn is hit by T.J Galiardi and loses puck.
18:28 of 3rd period - Wrist shot by Ben Smith.
18:28 of 3rd period - Shot Misses the Net.
18:54 of 3rd period - Snap shot by Charlie Coyle.
18:54 of 3rd period - Shot Misses the Net.
19:04 of 3rd period - Atomiques, Jeremy Smith is pulled from the net.
19:20 of 3rd period - Wrist shot by Tyler Brenner.
19:20 of 3rd period - Deflect By Dwight King.
19:20 of 3rd period - Stopped by Thomas McCollum without a rebound.
19:21 of 3rd period - Denis Savard call a timeout for Atomiques.
19:21 of 3rd period - Ben Smith wins face-off versus Tyler Brenner in Influenza zone.
19:31 of 3rd period - Dwight King is hit by Charlie Coyle and loses puck.
19:53 of 3rd period - Davis Drewiske is hit by Mathieu Carle and loses puck.
19:58 of 3rd period - Snap shot by Charlie Coyle.
19:58 of 3rd period - Shot Misses the Net.
Goals for this period are 1 for Influenza vs 2 for Atomiques.
Shots for this period are 13 for Influenza vs 7 for Atomiques.
Back to the Top